 Dungeon Crawl Stone Soup version 0.29.1-13-g9f3cf754e1 (webtiles) character file.

Game seed: 6522004590129059372

34560 HOAXBANE the Markshuman (level 14, -1/90 HPs)
             Began as a Human Artificer on Feb 5, 2023.
             Was an Initiate of Gozag.
             Killed from afar by Azrael (43 damage)
             ... with a bolt of fire
             ... on level 13 of the Dungeon on Feb 6, 2023.
             The game lasted 03:55:38 (19687 turns).

HOAXBANE the Markshuman (Human Artificer)          Turns: 19687, Time: 03:55:39

Health: -1/90      AC: 32    Str: 15    XL:     14   Next: 13%
Magic:  14/14      EV:  5    Int: 12    God:    Gozag
Gold:   3299       SH: 11    Dex: 16    Spells: 13/13 levels left

rFire   x . .      SeeInvis .   a - +5 hand crossbow (vorpal)
rCold   + + .      Faith    .   l - +1 kite shield
rNeg    . . .      Spirit   .   N - +3 plate armour {rC+}
rPois   +          Reflect  .   L - +1 helmet of Snakes and Ladders {+Blink rPois rF- Slay+5}
rElec   .          Harm     .   x - +2 cloak
rCorr   .          Rampage  .   E - +2 pair of gloves
Will    +....                   (no boots)
Stlth   ..........              n - amulet of the acrobat
HPRegen 0.25/turn               q - ring of protection from cold
MPRegen 0.14/turn               t - +4 ring of protection

@: gold aura
A: no striking features
a: Renounce Religion, Evoke Blink, Potion Petition, Call Merchant, Bribe Branch


You were on level 13 of the Dungeon.
You worshipped Gozag.
Gozag was most pleased with you.
You visited 2 branches of the dungeon, and saw 14 of its levels.
You also visited: Ossuary, Bailey and Gauntlet.

You collected 3342 gold pieces.
You paid 43 gold pieces to Gozag.

Inventory:

Hand Weapons
 a - a +5 vorpal hand crossbow (weapon)
Missiles
 f - 3 atropa-tipped darts
Armour
 l - a +1 kite shield (worn)
 x - a +2 cloak (worn)
 E - a +2 pair of gloves (worn)
 I - the +18 Lear's hauberk
   (You found it on level 7 of the Dungeon)
 L - the +1 helmet of Snakes and Ladders (worn) {+Blink rPois rF- Slay+5}
   (You found it in a Gauntlet)

   Slay:      It affects your accuracy & damage with ranged weapons and melee
   (+5).
   rF:        It makes you vulnerable to fire.
   rPois:     It protects you from poison.
   +Blink:    It lets you blink.
 N - a +3 plate armour of cold resistance (worn)
Jewellery
 g - an amulet of magic regeneration
 j - a ring of ice
 n - an amulet of the acrobat (around neck)
 q - a ring of protection from cold (left hand)
 s - a ring of magical power
 t - a +4 ring of protection (right hand)
 u - an amulet of reflection
 z - an amulet of regeneration
Wands
 c - a wand of flame (7)
 d - a wand of charming (29)
 o - a wand of mindburst (2)
 y - a wand of roots (5)
 F - a wand of quicksilver (6)
Scrolls
 i - 6 scrolls of teleportation
 m - 3 scrolls of immolation
 r - 3 scrolls of fear
 B - 3 scrolls of torment
 D - 7 scrolls of identify
 G - 2 scrolls of blinking
 O - 3 scrolls of summoning
Potions
 b - 2 potions of attraction
 h - 2 potions of lignification
 k - 6 potions of brilliance
 p - 6 potions of mutation
 v - 2 potions of magic
 w - 4 potions of might
 A - 4 potions of curing
 C - 4 potions of flight
 H - 3 potions of cancellation
 J - 3 potions of heal wounds
 K - 2 potions of haste
 M - 2 potions of invisibility
Miscellaneous
 e - a condenser vane (inert)


   Skills:
 - Level 2.0 Fighting
 - Level 16.0 Ranged Weapons
 + Level 12.3 Armour
 - Level 4.3 Dodging
 - Level 5.0 Stealth
 + Level 5.0 Shields
 - Level 8.0 Evocations


You had 13 spell levels left.
You didn't know any spells.
Your spell library contained the following spells:

 Spells                   Type           Power      Damage    Failure   Level
 Freeze                   Ice            0%         1d3       100%        1
 Sandblast                Erth           0%         2d4       100%        1
 Sting                    Tmut/Pois      0%         1d3       100%        1
 Passwall                 Tmut/Erth      0%         N/A       100%        2
 Poisonous Vapours        Pois/Air       0%         N/A       100%        2
 Scorch                   Fire           0%         2d5       100%        2
 Static Discharge         Conj/Air       0%         3-3/arc   100%        2
 Sublimation of Blood     Necr           0%         N/A       100%        2
 Wereblood                Tmut           0%         N/A       100%        2
 Call Canine Familiar     Summ           0%         N/A       100%        3
 Frozen Ramparts          Ice            0%         1d1       100%        3
 Ignite Poison            Fire/Tmut/Pois 0%         N/A       100%        3
 Mephitic Cloud           Conj/Pois/Air  0%         N/A       100%        3
 Ozocubu's Armour         Ice            0%         N/A       100%        3
 Portal Projectile        Hex/Tloc       0%         N/A       100%        3
 Stone Arrow              Conj/Erth      0%         3d7       100%        3
 Swiftness                Air            0%         N/A       100%        3
 Tukima's Dance           Hex            0%         N/A       100%        3
 Flame Wave               Conj/Fire      0%         2d4       100%        4
 Hailstorm                Conj/Ice       0%         3d3       100%        4
 Leda's Liquefaction      Hex/Erth       0%         N/A       100%        4
 Petrify                  Tmut/Erth      0%         N/A       100%        4
 Summon Lightning Spire   Summ/Air       0%         N/A       100%        4
 Blade Hands              Tmut           0%         N/A       100%        5
 Freezing Cloud           Conj/Ice/Air   0%         6-21      100%        5
 Lightning Bolt           Conj/Air       0%         1d11      100%        5
 Metabolic Englaciation   Hex/Ice        0%         N/A       100%        5
 Statue Form              Tmut/Erth      0%         N/A       100%        6
 Summon Cactus Giant      Summ           0%         N/A       100%        6
 Haunt                    Necr/Summ      0%         N/A       100%        7
 Ozocubu's Refrigeration  Ice            0%         4d7       100%        7
 Summon Hydra             Summ           0%         N/A       100%        7
 Infestation              Necr           0%         N/A       100%        8
 Maxwell's Capacitive Co  Air            0%         ∞         100%        8
 Animate Dead             Necr           Unusable   N/A       N/A         4
 Corpse Rot               Necr/Pois/Air  Unusable   N/A       N/A         4

Dungeon Overview and Level Annotations

Branches:
Dungeon (13/15)            Temple (0/1) D:7            Lair (1/5) D:8
    Orc (0/2) D:9         Ossuary (visited)          Bailey (visited)
Gauntlet (visited)
 Vaults: D:13-14

Altars:
Gozag
Okawaru
Trog
Vehumet

Annotations:
D:13 Azrael


Message History

The hell hound is distracted by your dazzling golden aura.
Your Shields skill increases to level 5!
A hell hound comes into view.
The hell hound is no longer distracted by gold.
Azrael gestures at you.
The bolt of fire hits the hell hound.
The hell hound completely resists.
The bolt of fire misses you. The hell hound breathes flames at you.
The blast of flame hits you but does no damage.
You hear a bark!
There is a stone staircase leading up, spattered with blood here.
Fire: a) +5 hand crossbow (vorpal)
Press: ? - help, Q - select action, (/) - cycle Shift-Dir - straight line, f - hell hound
Aim: a hell hound (70% to hit)
You shoot a bolt. The bolt hits the hell hound!!
You kill the hell hound!
Fire: a) +5 hand crossbow (vorpal)
Press: ? - help, Q - select action, (/) - cycle Shift-Dir - straight line, f - Azrael, p - hell hound
Aim: Azrael, wielding a +1 scimitar of flaming (lightly wounded, 86% to hit)
You shoot a bolt.
The bolt hits the hell hound but does no damage.
A hell hound comes into view.
A fire elemental comes into view.
The hell hound bites you.
Fire: a) +5 hand crossbow (vorpal)
Press: ? - help, Q - select action, (/) - cycle Shift-Dir - straight line, f - fire elemental, p - Azrael
Aim: a fire elemental (wandering, hasn't noticed you, 72% to hit)
You shoot a bolt. The bolt barely misses the hell hound.
The bolt hits Azrael!!
Azrael is heavily wounded.
You block the hell hound's attack. Azrael gestures at you.
The fireball explodes!
The fireball engulfs the hell hound.
The hell hound completely resists.
The fireball engulfs you!!! The fire burns you terribly!
The hell hound bites you but does no damage.
The hell hound bites you but does no damage.
Azrael gestures at you.
The bolt of fire misses the hell hound.
The bolt of fire hits you!!! The fire burns you terribly!
You die...
Your body crumbles into a pile of gold.

#............ ....
#............ .....
#............ ......#
#............ ......#
#.∩.......... ).....#
#............ ......#
#............ ......#
#........>...
......######...h@.......
...............h).......
.......>......R......>..
......#####..E..........
......# #.°##########.
#####.# #..# # #.# #○°#
# #.# #°.# # #.# #..#


You could see Azrael, a fire elemental and 2 hell hounds.

Vanquished Creatures
  Kirke (D:12)
  A minotaur (Gauntlet)
  A blizzard demon (Gauntlet)
  A hydra (D:12)
  Erolcha (D:11)
  2 boulder beetles
  A centaur warrior (D:13)
  2 two-headed ogres
  A death scarab (Gauntlet)
  Sonja (D:11)
  An orc knight (Bailey)
  3 manticores (D:12)
  A cyclops (D:12)
  Joseph (D:7)
  An apocalypse crab (Gauntlet)
  Maggie (D:8)
  A rime drake (Lair:1)
  4 cane toads
  An unseen horror (D:12)
  2 komodo dragons (Lair:1)
  Psyche (D:10)
  An ice devil (Gauntlet)
  Grinder (D:3)
  3 trolls
  A vampire (D:10)
  2 shadows
  29 yaks
  Eustachio (D:4)
  3 wyverns
  3 hogs (D:12)
  A fire elemental (D:13)
  2 vampire mosquitoes (D:10)
  2 basilisks
  Menkaure (D:7)
  A spectral cane toad (Gauntlet)
  A water moccasin (D:6)
  2 hell hounds (D:13)
  Duvessa (D:7)
  4 ice beasts
  An ogre (D:6)
  10 orc warriors
  A sky beast (D:7)
  7 centaurs
  Blork the orc (D:5)
  4 elf zombies
  7 bullfrogs
  A necrophage (D:6)
  An elf skeleton (D:5)
  3 scorpions
  A wight (D:6)
  Dowan (D:7)
  16 killer bees
  5 howler monkeys
  A centaur zombie (Ossuary)
  9 orc priests
  3 human zombies
  2 hounds
  Jessica (D:2)
  Natasha (thrice) (D:4)
  6 iguanas
  4 orc wizards
  2 mummies (Ossuary)
  10 adders
  2 shadow imps
  A white imp (Gauntlet)
  2 ufetubi (D:6)
  2 adder zombies (Ossuary)
  A dart slug (D:3)
  50 orcs
  9 ball pythons
  3 endoplasms
  4 giant cockroaches
  4 goblins
  10 hobgoblins
  14 jackals
  4 quokkas
  7 bats
  3 frilled lizards
  2 goblin zombies (Ossuary)
  11 hobgoblin zombies (Ossuary)
  3 jackal zombies (Ossuary)
  12 kobolds
  8 kobold zombies (Ossuary)
  8 orc zombies
  7 rats
355 creatures vanquished.

Vanquished Creatures (collateral kills)
  An orc warrior (Bailey)
  A bullfrog (D:8)
  A scorpion (D:7)
  8 orcs (Bailey)
11 creatures vanquished.

Vanquished Creatures (others)
  A wyvern (D:9)
  A yak (Lair:1)
  2 orc warriors (Bailey)
  A jackal (D:1)
  A fungus (Lair:1)
  5 plants (Lair:1)
11 creatures vanquished.

Grand Total: 377 creatures vanquished

Notes
Turn   | Place    | Note
-------+----------+-------------------------------------------
     0 | D:1      | HOAXBANE the Human Artificer began the quest for the Orb.
     0 | D:1      | Reached XP level 1. HP: 15/15 MP: 1/1
   628 | D:1      | Reached XP level 2. HP: 10/21 MP: 2/2
  1541 | D:2      | Reached XP level 3. HP: 13/27 MP: 3/3
  2024 | D:1      | Identified a scroll of acquirement
  2024 | D:1      | Acquired a +0 vorpal hand crossbow
  2562 | D:1      | Reached XP level 4. HP: 32/33 MP: 4/4
  2623 | D:2      | Noticed Jessica
  2699 | D:2      | Killed Jessica
  2700 | D:2      | Reached skill level 1 in Ranged Weapons
  2739 | D:2      | Reached XP level 5. HP: 38/38 MP: 5/5
  2858 | D:2      | Found a faded altar of an unknown god.
  3206 | D:3      | Found an opulent altar of Gozag.
  3214 | D:3      | Reached skill level 2 in Ranged Weapons
  3217 | D:3      | Became a worshipper of Gozag Ym Sagoz the Greedy
  3336 | D:3      | Reached skill level 1 in Shields
  3446 | D:3      | Noticed Grinder
  3449 | D:3      | Paralysed by Grinder for 2 turns
  3452 | D:3      | Killed Grinder
  3453 | D:3      | Reached skill level 4 in Ranged Weapons
  3453 | D:3      | Reached XP level 6. HP: 44/44 MP: 6/6
  3475 | D:3      | Reached skill level 5 in Ranged Weapons
  3475 | D:3      | Reached XP level 7. HP: 50/50 MP: 7/7
  4459 | D:4      | Noticed Natasha
  4467 | D:4      | Killed Natasha
  4600 | D:4      | Noticed Natasha
  4609 | D:4      | Killed Natasha
  4699 | D:4      | Noticed Natasha
  4703 | D:4      | Killed Natasha
  5420 | D:5      | Entered Level 5 of the Dungeon
  5431 | D:5      | Noticed Eustachio
  5457 | D:4      | Killed Eustachio
  5509 | D:5      | Reached skill level 6 in Ranged Weapons
  5593 | D:5      | Reached XP level 8. HP: 56/56 MP: 8/8
  5622 | D:5      | Got the Parchment of Gusts and the Snake
  5702 | D:5      | Noticed Blork the orc
  5706 | D:5      | Killed Blork the orc
  5822 | D:5      | Reached skill level 7 in Ranged Weapons
  5918 | D:5      | Found a sand-covered staircase.
  5924 | Ossuary  | Entered an ossuary
  6071 | Ossuary  | Reached skill level 8 in Ranged Weapons
  6669 | D:6      | Reached skill level 9 in Ranged Weapons
  6669 | D:6      | Reached XP level 9. HP: 48/61 MP: 9/9
  6879 | D:6      | Reached skill level 10 in Ranged Weapons
  7232 | D:6      | Noticed a two-headed ogre
  7283 | D:6      | Killed a two-headed ogre
  7284 | D:6      | Reached skill level 11 in Ranged Weapons
  7572 | D:6      | Reached XP level 10. HP: 67/67 MP: 10/10
  7581 | D:6      | Reached skill level 5 in Stealth
  8154 | D:7      | Noticed Duvessa
  8154 | D:7      | Noticed Dowan
  8209 | D:7      | Noticed Menkaure
  8212 | D:7      | Killed Menkaure
  8388 | D:7      | Noticed Joseph
  8396 | D:7      | Killed Joseph
  8719 | D:7      | Reached skill level 12 in Ranged Weapons
  8848 | D:7      | Found a staircase to the Ecumenical Temple.
  9070 | D:7      | Killed Duvessa
  9076 | D:7      | Killed Dowan
 10333 | D:7      | Found the +18 Lear's hauberk
 10890 | D:8      | Noticed Maggie
 10898 | D:8      | Killed Maggie
 11144 | D:8      | Found a staircase to the Lair.
 11488 | D:8      | Reached XP level 11. HP: 72/72 MP: 11/11
 11592 | D:8      | Reached skill level 5 in Armour
 11634 | D:8      | Found an iron altar of Okawaru.
 11669 | D:8      | Found a radiant altar of Vehumet.
 11707 | Lair:1   | Entered Level 1 of the Lair of Beasts
 11801 | D:8      | Reached skill level 13 in Ranged Weapons
 12516 | Lair:1   | HP: 1/108 [poisoned by a cane toad]
 13773 | Lair:1   | Reached skill level 5 in Evocations
 14545 | D:9      | Noticed a two-headed ogre
 14556 | D:9      | Killed a two-headed ogre
 14557 | D:9      | Reached skill level 14 in Ranged Weapons
 14754 | D:9      | Reached XP level 12. HP: 78/78 MP: 12/12
 14843 | D:9      | Found a flagged portal.
 14857 | Bailey   | Entered a bailey
 15412 | Bailey   | Reached skill level 15 in Ranged Weapons
 15412 | Bailey   | Reached XP level 13. HP: 83/83 MP: 13/13
 15526 | D:9      | Found a staircase to the Orcish Mines.
 15803 | D:10     | Entered Level 10 of the Dungeon
 16141 | D:10     | Reached skill level 10 in Armour
 16646 | D:10     | Noticed Psyche
 16648 | D:10     | Killed Psyche
 16867 | D:11     | Noticed a boulder beetle
 16889 | D:10     | Killed a boulder beetle
 17223 | D:11     | Noticed Sonja
 17226 | D:11     | Killed Sonja
 17442 | D:11     | Noticed Erolcha
 17456 | D:11     | Killed Erolcha
 17635 | D:12     | Noticed a boulder beetle
 17768 | D:11     | Killed a boulder beetle
 17769 | D:11     | Reached skill level 16 in Ranged Weapons
 18156 | D:12     | Noticed a six-headed hydra
 18166 | D:12     | Killed a six-headed hydra
 18257 | D:12     | Found a bloodstained altar of Trog.
 18586 | D:13     | Found a gate leading to a gauntlet.
 18591 | D:13     | Noticed Kirke
 18593 | Gauntlet | Entered a Gauntlet
 18593 | Gauntlet | Found a transporter.
 18593 | Gauntlet | Found a transporter.
 18594 | Gauntlet | Found a transporter.
 18597 | Gauntlet | Found a transporter.
 18608 | Gauntlet | Found a transporter.
 18608 | Gauntlet | Found a transporter.
 18611 | Gauntlet | Found a transporter.
 18612 | Gauntlet | Found a transporter.
 18613 | Gauntlet | Found a large runed translucent door.
 18614 | Gauntlet | Found a large runed translucent door.
 18615 | Gauntlet | Found a transporter.
 18617 | Gauntlet | Found a large runed translucent door.
 18617 | Gauntlet | Found a large runed translucent door.
 18617 | Gauntlet | Found a runed translucent door.
 18618 | Gauntlet | Found a large runed translucent door.
 18618 | Gauntlet | Found a runed translucent door.
 18619 | Gauntlet | Found a large runed translucent door.
 18619 | Gauntlet | Found a large runed translucent door.
 18619 | Gauntlet | Found a large runed translucent door.
 18619 | Gauntlet | Found a large runed translucent door.
 18619 | Gauntlet | Found a large runed translucent door.
 18620 | Gauntlet | Found a large runed translucent door.
 18620 | Gauntlet | Found a large runed translucent door.
 18621 | Gauntlet | Found a runed translucent gate.
 18621 | Gauntlet | Found a runed translucent gate.
 18621 | Gauntlet | Found a runed translucent gate.
 18623 | Gauntlet | Found a transporter.
 18624 | Gauntlet | Found a transporter.
 18635 | Gauntlet | Found a large runed translucent door.
 18636 | Gauntlet | Found a large runed translucent door.
 18645 | Gauntlet | Found a large runed translucent door.
 18645 | Gauntlet | Found a large runed translucent door.
 18658 | Gauntlet | Noticed a blizzard demon
 18717 | Gauntlet | Found a transporter.
 18879 | Gauntlet | Killed a blizzard demon
 19040 | Gauntlet | Identified the +1 helmet of Snakes and Ladders {+Blink
                  | rPois rF- Slay+5}
 19110 | Gauntlet | Noticed a minotaur
 19116 | Gauntlet | Killed a minotaur
 19117 | Gauntlet | Reached XP level 14. HP: 58/90 MP: 14/14
 19358 | D:12     | Killed Kirke
 19655 | D:13     | Noticed Azrael
 19678 | D:13     | Reached skill level 5 in Shields
 19687 | D:13     | Killed from afar by Azrael

Illustrated notes

Levels and vault maps discovered:
D:1:      dpeg_arrival_tiny_a, layout_loops_ring, minivault_23,
          minmay_pentomino_u4
D:2:      layout_rooms, hellmonk_ecumenical_altar_dog_temple,
          kennysheep_generic_room_10, uniq_jessica
D:3:      layout_basic, mainiacjoe_overflow_paths, minmay_quadrilaterals,
          uniq_grinder
D:4:      layout_loops_ring, uniq_natasha
D:5:      layout_rooms, nicolae_ossuary_entry_catacombs, uniq_eustachio,
          uniq_blork_the_orc
D:6:      layout_basic, minmay_divided_ellipse
D:7:      layout_basic, temple_doors_e, hellmonk_guarded_unrand_lears,
          uniq_duvessa, uniq_joseph, uniq_menkaure
D:8:      layout_cave_pools, mainiacjoe_overflow_two_lobes, uniq_maggie
D:9:      minmay_spotlight, layout_basic, minmay_orc_entry_temple_small,
          enter_bailey_1, ebering_dispersal_statue_hall
D:10:     layout_irregular_city, statue_in_the_mist_lemuel, uniq_psyche
D:11:     layout_rooms, uniq_erolcha, uniq_sonja
D:12:     layout_rooms, trog_butcher_becter
D:13:     layout_long_grid, erik_vaults_2, gauntlet_entry_generic,
          minmay_checkered_concentric_circles, uniq_azrael, uniq_kirke
Lair:1:   layout_layer_cave, st_stairs_10

Skill      XL: |  1  2  3  4  5  6  7  8  9 10 11 12 13 14 |
---------------+-------------------------------------------+-----
Fighting       | 2 |  2.0
Dodging        | 2 3 4 |  4.3
Ranged Weapons | 1 4 5 6 9 11 12 14 15 16 | 16.0
Armour         | 3 4 7 9 11 12 | 12.3
Stealth        | 2 4 5 |  5.0
Shields        | 1 4 5 |  5.0
Evocations     | 4 5 7 8 |  8.0

Action                   |  1- 3 |  4- 6 |  7- 9 | 10-12 | 13-15 || total
-------------------------+-------+-------+-------+-------+-------++-------
Melee: Dagger            |   118 |       |       |       |       ||   118
       Club              |     2 |       |       |       |       ||     2
       Punch             |     2 |       |       |       |       ||     2
       Mace              |     1 |       |       |       |       ||     1
       Hand crossbow     |       |       |       |     1 |       ||     1
 Fire: Hand crossbow     |    40 |    61 |   262 |   347 |   268 ||   978
Throw: Dart              |     9 |       |       |       |     3 ||    12
 Abil: Evoke Blink       |       |       |       |       |     1 ||     1
Evoke: Wand              |     8 |     3 |     3 |    26 |    20 ||    60
       Condenser vane    |       |       |       |       |     1 ||     1
  Use: Scroll            |     6 |     7 |    10 |     9 |     7 ||    39
       Potion            |       |       |       |     5 |       ||     5
 Stab: Invisible         |     2 |       |       |       |       ||     2
Armor: Leather armour    |    60 |       |       |       |       ||    60
       Robe              |       |     2 |    35 |    12 |       ||    49
       Chain mail        |       |       |       |   156 |   124 ||   280
       Plate armour      |       |       |       |       |    19 ||    19
Dodge: Dodged            |   113 |     8 |    84 |    89 |    95 ||   389
Block: Kite shield       |    25 |     2 |    56 |   104 |   110 ||   297
